Cogmind - Beta 13 @@@ ROGUE MODE // 2024.03.22 @ 01:41:57 Player: Desymo99 Result: Destroyed by B-75 Beast with Heavy Machine Gun Performance ------------- Evolutions (2) 1000 Regions Visited (4) 800 Robots Destroyed (53) 265 Value Destroyed (1776) 1776 Prototype IDs (4) 80 Alien Tech Used (0) 0 Bonus (200) 200 TOTAL SCORE: 4121 Bonus ------- Entered Garrisons 200 Cogmind --------- Core Integrity 0/550 Matter 23/300 Energy 94/100 System Corruption 8% Temperature Cool (12) Movement Core (50) Location -8/Garrison Parts ------- > --- POWER (1) -------- (None) > --- PROPULSION (4) --- Aerolev Unit (fused) > --- UTILITY (3) ------ Improved Focal Shield > --- WEAPON (3) ------- (None) > --- INVENTORY (5) ---- Aerolev Unit High-capacity Storage Unit Improved Signal Interpreter Improved Terrain Scan Processor Pulse Rifle Peak State ------------ > --- POWER ------------ Deuterium Engine > --- PROPULSION ------- Aerolev Unit Aerolev Unit Aerolev Unit Aerolev Unit > --- UTILITY ---------- Large Storage Unit Sensor Array Light Armor Plating > --- WEAPON ----------- Proton Missile Launcher Proton Missile Launcher Proton Missile Launcher > --- INVENTORY -------- Ion Engine Improved Ion Engine Light Nuclear Core Aluminum Leg Aluminum Leg Titanium Leg High-capacity Storage Unit Visual Processing Unit Improved Signal Interpreter Improved Terrain Scanner Improved Terrain Scan Processor High-powered Tractor Beam Particle Gun Pulse Rifle Datajack [Rating: 37] Favorites ----------- Power Improved Ion Engine Engine Improved Ion Engine Power Core Light Nuclear Core Propulsion Aluminum Leg Leg Aluminum Leg Hover Unit Aerolev Unit Utility Large Storage Unit Device Sensor Array Storage Large Storage Unit Processor Transport Network Coupler Protection Light Armor Plating Weapon Improved Assault Rifle Energy Gun EM Pulse Gun Ballistic Gun Improved Assault Rifle Ballistic Cannon Improved Light Cannon Launcher Proton Missile Launcher Build | -11 -10 -9 -8 -8 ------- Run | Yrd Mat Mat Mat Gar Slots Evolved 4 | . . 2 2 . Power . | . . . . . Propulsion 2 | . . 1 1 . Utility 1 | . . 1 . . Weapon 1 | . . . 1 . Parts Attached 80 | 8 6 15 43 8 Power 9 | 2 . 3 2 2 Engine 8 | 2 . 2 2 2 Core 1 | . . 1 . . Reactor . | . . . . . Propulsion 21 | 2 . 4 13 2 Treads . | . . . . . Leg 16 | 2 . 4 8 2 Wheel . | . . . . . Hover 5 | . . . 5 . Flight . | . . . . . Utility 15 | 2 4 2 5 2 Device 9 | 1 2 2 3 1 Storage 3 | 1 1 . . 1 Processor 1 | . 1 . . . Hackware . | . . . . . Protection 2 | . . . 2 . Artifact . | . . . . . Weapon 35 | 2 2 6 23 2 Energy Gun 7 | 1 . . 6 . Energy Cannon . | . . . . . Ballistic Gun 16 | 1 2 4 9 . Ballistic Cannon 1 | . . . 1 . Launcher 11 | . . 2 7 2 Special Weapon . | . . . . . Impact Weapon . | . . . . . Slashing Weapon . | . . . . . Piercing Weapon . | . . . . . Special Melee Weapon . | . . . . . Unidentified Prototypes 4 | . 1 . 3 . Parts Lost 41 | . 2 6 20 13 Power 4 | . . 2 . 2 Propulsion 15 | . . 2 9 4 Utility 5 | . . 1 2 2 Weapon 17 | . 2 1 9 5 Highest Loss Streak 11 | . 1 2 11 6 To Critical Strikes . | . . . . . Average Slot Usage (%) 92 | . 99 98 85 77 Engine 9 | . 14 7 8 8 Core 1 | . . 3 . . Leg 25 | . 28 33 23 4 Hover 4 | . . . 5 28 Device 10 | . 11 9 11 6 Storage 10 | . 14 11 9 7 Processor 5 | . 2 11 4 . Energy Gun 4 | . 6 . 8 . Ballistic Gun 15 | . 21 21 9 . Launcher 3 | . . . 2 20 Naked Turns . | . . . . . Heaviest Build 73 | 15 32 34 54 73 Greatest Support 54 | 20 20 30 54 32 Greatest Overweight (x) 5 | . 1 1 5 3 Average Overweight (x) . | . . . . . Largest Inventory Capacity 20 | 8 15 15 15 20 Average Capacity 13 | 7 13 15 15 12 Most Carried 15 | 6 15 15 15 15 Average Carried 11 | 4 10 14 11 12 Final Capacity 15 | 8 15 15 15 5 Final Carried 15 | 6 15 15 15 5 Class Distribution -------------------- 48% | Mutant 28% | Scavenger-Mutant 9% | Scavenger-Skirmisher 7% | Skirmisher 3% | Tank Dominant Class ---------------- Mutant | -10/Materials Scavenger-Mutant | -9/Materials Scavenger-Skirmisher | -8/Materials Skirmisher | -8/Garrison Resources | -11 -10 -9 -8 -8 ----------- Run | Yrd Mat Mat Mat Gar Matter Collected 1586 | 298 206 432 590 60 Remotely 317 | . . . 317 . Salvage Created 1958 | 104 386 551 785 132 Parts 107 | 4 26 28 40 9 Haulers Intercepted 5 | . 2 1 2 . Recyclers Shooed 1 | . . 1 . . Parts Field Recycled . | . . . . . Retrieved Matter . | . . . . . Parts Self-Destructed . | . . . . . Prevented . | . . . . . Kills | -11 -10 -9 -8 -8 ------- Run | Yrd Mat Mat Mat Gar Combat Hostiles Destroyed 41 | . 8 10 16 7 Guns 27 | . 8 9 10 . AOE 14 | . . 1 6 7 Classes Destroyed 11 | 2 4 2 3 . Builder 1 | . . . 1 . Tunneler 1 | 1 . . . . Hauler 5 | . 2 1 2 . Recycler 2 | 1 . 1 . . Operator 1 | . . 1 . . Watcher 2 | . 1 . 1 . Swarmer 12 | . 3 . 3 6 Grunt 17 | . 5 6 6 . Sentry 9 | . . 4 4 1 Specialist 2 | . . . 2 . Heavy 1 | . . . 1 . Best Kill Streak 3 | 1 2 2 3 2 Combat Bots Only 3 | . 2 2 3 2 Max Kills in Single Turn 2 | 1 1 1 2 2 Gunslinging . | . . . . . Exploded 2 | . . 1 2 2 Melee . | . . . . . Uniques/NPCs Destroyed . | . . . . . Combat | -11 -10 -9 -8 -8 -------- Run | Yrd Mat Mat Mat Gar Hostile Shots Fired 413 | . 39 86 97 191 Missed 119 | . 12 24 18 65 Damage Taken 4499 | . 301 814 2094 1290 Core 791 | . 22 210 323 236 Absorbed by Shields . | . . . . . Ignored by Resistances 18 | . . . . 18 Core Remaining (%) 79 | 100 91 47 . . Volleys Fired 167 | 7 27 47 69 17 Largest 3 | 2 2 2 3 3 Hottest 157 | 60 63 46 157 117 Shots Fired 317 | 13 54 89 138 23 Gun 269 | 13 54 84 118 . Cannon 10 | . . . 10 . Launcher 38 | . . 5 10 23 Special . | . . . . . Kinetic 209 | 6 47 84 72 . Thermal 41 | . . . 41 . Explosive 15 | . . 5 5 5 Electromagnetic 52 | 7 7 . 20 18 Robot Hit Streak 22 | 2 15 17 22 4 Robot Miss Streak 3 | 2 2 3 2 3 Penetration Max . | . . . . . Secondary Targets 1 | . . . 1 . Max Gunslinging Chain 1 | . . . 1 . Shots Hit Robots 210 | 7 39 60 99 5 Core Hits 91 | 3 15 25 37 11 Critical Kills . | . . . . . Critical Parts Destroyed . | . . . . . Critical Strikes 1 | . . . 1 . Burn 1 | . . . 1 . Melee Attacks . | . . . . . Impact . | . . . . . Slashing . | . . . . . Piercing . | . . . . . Sneak Attacks . | . . . . . Combat Hostiles . | . . . . . Follow-up Attacks . | . . . . . Damage Inflicted 4519 | 81 586 1166 2097 589 Guns 2976 | 81 584 868 1443 . Cannons 154 | . . . 154 . Explosions 1373 | . . 298 500 575 Melee . | . . . . . Ramming 16 | . 2 . . 14 Kinetic 2389 | 53 551 868 917 . Thermal 674 | . . . 674 . Explosive 738 | . . 298 184 256 Electromagnetic 702 | 28 33 . 322 319 Impact . | . . . . . Slashing . | . . . . . Piercing . | . . . . . Highest Corruption 8 | . . . 6 8 Average Corruption 6 | . . . 6 6 Corruption Purged . | . . . . . Corruption Blocked . | . . . . . Effects 19 | . . . 6 13 Message Errors 6 | . . . 1 5 Matter Fused 2 | . . . 1 1 Energy Discharges 2 | . . . . 2 Parts Rejected 2 | . . . 2 . Parts Fused 2 | . . . . 2 Data Loss (minor) 3 | . . . 2 1 Data Loss (major) 1 | . . . . 1 Alerts 1 | . . . . 1 Overload Shots . | . . . . . Overflow Damage 65 | . . 12 24 29 Projectiles . | . . . . . Explosions 65 | . . 12 24 29 Melee . | . . . . . Knockbacks . | . . . . . Impact . | . . . . . Kinetic . | . . . . . Secondary . | . . . . . Self-Inflicted Damage 240 | . . . 110 130 Shots 9 | . . . 2 7 Rammed 4 | . . . . 4 Targets Rammed 5 | . 1 . . 4 Kicked 1 | . 1 . . . Crushed . | . . . . . Highest Temperature 823 | . 15 31 823 63 Average Temperature 120 | . 4 6 180 27 Received Heat Transfer 1092 | . 141 405 378 168 Effects 15 | . . . 15 . Shutdowns 4 | . . . 4 . Energy Bleed 2 | . . . 2 . Matter Decay 1 | . . . 1 . Short Circuit 2 | . . . 2 . Damage (minor) 1 | . . . 1 . Damage (major) 4 | . . . 4 . Damage (core) 1 | . . . 1 . Siege Activations . | . . . . . Robots Corrupted . | . . . . . Combat Hostiles . | . . . . . Parts Fried 4 | . . . 3 1 Impact Corruptions . | . . . . . Robots Melted . | . . . . . Combat Hostiles . | . . . . . Parts Melted 3 | . . . 3 . Heat Transferred 1260 | . . . 1260 . Parts Sabotaged . | . . . . . Parts Stolen . | . . . . . Parts Stripped . | . . . . . Power Chain Reactions 3 | . . . 2 1 Alert | -11 -10 -9 -8 -8 ------- Run | Yrd Mat Mat Mat Gar Peak Influence 351 | 10 132 230 311 351 Initial 122 | . 6 55 5 122 Average 104 | 3 62 78 119 273 Maximum Alert Level 1 | . . 1 1 1 Low Security (%) 82 | 100 100 89 80 19 Level 1 17 | . . 10 19 80 Level 2 . | . . . . . Level 3 . | . . . . . Level 4 . | . . . . . Level 5 . | . . . . . High Security . | . . . . . Max Security . | . . . . . Squads Dispatched 6 | . 2 1 3 . Investigation 1 | . 1 . . . Extermination . | . . . . . Reinforcement 5 | . 1 1 3 . Assault . | . . . . . Garrison . | . . . . . Intercept . | . . . . . Searches Triggered . | . . . . . Construction Impeded . | . . . . . Haulers Reinforced . | . . . . . Active Scanning Responses . | . . . . . Cargo Convoy Interrupts . | . . . . . Stealth | -11 -10 -9 -8 -8 --------- Run | Yrd Mat Mat Mat Gar Distress Signals 7 | . 1 3 3 . Communications Jammed . | . . . . . Distress Signals . | . . . . . Times Spotted 77 | . 16 21 27 13 Peak Tracking Total 5 | . 4 5 4 4 Tactical Retreats 10 | . 1 1 5 3 Traps | -11 -10 -9 -8 -8 ------- Run | Yrd Mat Mat Mat Gar Traps Triggered 5 | . 1 . 2 2 Indirectly 2 | . . . . 2 Trap Hack Attempts . | . . . . . Triggered . | . . . . . Disarmed . | . . . . . Reprogrammed . | . . . . . Reused . | . . . . . Traps Extracted . | . . . . . Installed . | . . . . . Triggered . | . . . . . Machines | -11 -10 -9 -8 -8 ---------- Run | Yrd Mat Mat Mat Gar Machines Disabled 10 | . . 1 7 2 Max in Single Turn 2 | . . 1 2 1 Garrison Relay 1 | . . . . 1 Machines Repaired . | . . . . . Machines Dismantled . | . . . . . Machines Sabotaged . | . . . . . Overloaded Fab Kills . | . . . . . Hacking | -11 -10 -9 -8 -8 --------- Run | Yrd Mat Mat Mat Gar Machines Accessed 1 | . . . 1 . Terminals . | . . . . . Fabricators . | . . . . . Repair Stations . | . . . . . Recycling Units . | . . . . . Scanalyzers . | . . . . . Garrison Access 1 | . . . 1 . Total Hacks 3 | . . . 3 . Successful 1 | . . . 1 . Failed 2 | . . . 2 . Catastrophic . | . . . . . Database Lockouts . | . . . . . Manual . | . . . . . Terminals . | . . . . . Fabricators . | . . . . . Repair Stations . | . . . . . Recycling Units . | . . . . . Scanalyzers . | . . . . . Garrison Access 3 | . . . 3 . Terminal Hacks . | . . . . . Fabricator Hacks . | . . . . . Repair Station Hacks . | . . . . . Recycling Unit Hacks . | . . . . . Scanalyzer . | . . . . . Garrison Access Hacks 1 | . . . 1 . Unlock Access 1 | . . . 1 . Unauthorized Hacks . | . . . . . Terminals . | . . . . . Fabricators . | . . . . . Repair Stations . | . . . . . Recycling Units . | . . . . . Scanalyzers . | . . . . . Garrison Access . | . . . . . Data Cores Recovered 1 | . . 1 . . Used . | . . . . . Hacking Detections 1 | . . . 1 . Full Trace Events . | . . . . . Feedback Events . | . . . . . Feedback Blocked . | . . . . . Robot Schematics Acquired . | . . . . . Robots Built . | . . . . . Authchips . | . . . . . Time . | . . . . . Total Robot Build Rating . | . . . . . Part Schematics Acquired . | . . . . . Parts Built . | . . . . . Authchips . | . . . . . Time . | . . . . . Total Part Build Rating . | . . . . . Parts Repaired . | . . . . . Time . | . . . . . Parts Recycled . | . . . . . Recycled Matter . | . . . . . Retrieved Matter . | . . . . . Retrieved Components . | . . . . . Parts Scanalyzed . | . . . . . Part Schematics Acquired . | . . . . . Parts Damaged . | . . . . . Bothacking | -11 -10 -9 -8 -8 ------------ Run | Yrd Mat Mat Mat Gar Used RIF Installer . | . . . . . Robots Hacked . | . . . . . Non-combat . | . . . . . Combat . | . . . . . Robot Hacks Applied . | . . . . . Relay Couplers Released 5 | . . . . 5 Machine Destruction 5 | . . . . 5 Fabnet Peak Effective % . | . . . . . Robots Rewired . | . . . . . Allies Hacked . | . . . . . Hacks Repelled . | . . . . . Allies | -11 -10 -9 -8 -8 -------- Run | Yrd Mat Mat Mat Gar Total Allies . | . . . . . Largest Group . | . . . . . Highest-Rated Group . | . . . . . Highest-Rated Ally . | . . . . . Total Orders . | . . . . . Ally Attacks . | . . . . . Total Damage . | . . . . . Kills . | . . . . . Allies Corrupted . | . . . . . Allies Melted . | . . . . . Intel | -11 -10 -9 -8 -8 ------- Run | Yrd Mat Mat Mat Gar Robot Analysis Total . | . . . . . Derelict Logs Recovered . | . . . . . Drone Launches . | . . . . . Drone Recoveries . | . . . . . Exploration | -11 -10 -9 -8 -8 ------------- Run | Yrd Mat Mat Mat Gar Turns Passed 3916 | 141 1099 1212 1004 460 Spaces Moved 1934 | 89 550 529 454 312 Core 24 | 10 . . . 14 Treads . | . . . . . Legs 1546 | 79 550 529 331 57 Wheels . | . . . . . Hover 364 | . . . 123 241 Flight . | . . . . . Fastest Speed 38 | 50 120 120 38 50 Average Speed 150 | 112 162 180 134 110 Slowest Speed 400 | 120 190 190 400 330 Overloaded Moves . | . . . . . Propulsion Burnouts . | . . . . . Robots Hopped . | . . . . . Cave-ins Triggered . | . . . . . Exploration Rate (%) 35 | 6 62 51 34 25 Regions Visited 4 Branch Regions . Pre-discovered Areas . | . . . . . Known Exits Taken 1 | . . . 1 . Unknown Exits Taken 3 | 1 1 1 . . Scrap Searched . | . . . . . Spaces Dug . | . . . . . Terrain Destroyed 139 | . . 29 85 25 Melee . | . . . . . Projectile . | . . . . . AOE 139 | . . 29 85 25 Terrain Rammed . | . . . . . Walls Destroyed . | . . . . . Machines Disabled . | . . . . . Actions | -11 -10 -9 -8 -8 --------- Run | Yrd Mat Mat Mat Gar Total 2648 | 113 703 708 725 399 Wait 384 | 5 90 103 134 52 Move 1930 | 88 549 528 453 312 Hop . | . . . . . Pick Up 51 | 5 19 10 16 1 Fast Attach 28 | 7 1 . 16 4 Attach 30 | . 1 8 16 5 Detach 5 | . . . 4 1 Swap 26 | 1 5 7 11 2 Drop 22 | . 10 5 6 1 Fire 167 | 7 27 47 69 17 Melee . | . . . . . Ram 4 | . . . . 4 Kick 1 | . 1 . . . Crush . | . . . . . Escape Stasis . | . . . . . Rewire . | . . . . . Trap . | . . . . . Miscellaneous . | . . . . . Route ------- -11/Scrapyard -10/Materials (discovered 2 exits: *Mat / [*Min]) -9/Materials (discovered 3 exits: *Mat x2 / [*Sto]) -8/Materials (discovered 2 exits: [*Fac] / Gar) -8/Garrison History --------- Turn | Location | Event 5 | -11/Scrapyard | Discovered new exit (range 16) 142 | -11/Scrapyard | Entered Materials 323 | -10/Materials | Build established: Mutant 430 | -10/Materials | Discovered new exit (range 7) 1001 | -10/Materials | Discovered new exit (range 15) 1241 | -10/Materials | Entered another Materials area 1241 | -9/Materials | Evolved 2 slots: Propulsion x1, Utility x1 1672 | -9/Materials | Build established: Scavenger-Mutant 2020 | -9/Materials | Discovered new exit (range 7) 2100 | -9/Materials | Discovered new exit (range 15) 2426 | -9/Materials | Discovered new exit (range 10) 2453 | -9/Materials | Entered another Materials area 2453 | -8/Materials | Evolved 2 slots: Propulsion x1, Weapon x1 2796 | -8/Materials | Lost 5 parts (2n3w) 2817 | -8/Materials | Discovered new exit (range 7) 2992 | -8/Materials | Lost 11 parts (3n2u6w) 3233 | -8/Materials | Core integrity fell below 50% 3456 | -8/Materials | Identified exit to Garrison 3457 | -8/Materials | Entered Garrison 3502 | -8/Garrison | Triggered checkpoint 3723 | -8/Garrison | Spotted B-75 Beast 3802 | -8/Garrison | Core integrity fell below 20% 3809 | -8/Garrison | Lost 5 parts (1n1u3w) 3917 | -8/Garrison | Destroyed by B-75 Beast with Heavy Machine Gun Last Messages --------------- 03807_ System corrupted: IFF burst signal emitted. 03815_ Field strength at 70. 03835_ System corrupted: Energy discharge (-74). 03860_ The unstable cave ceiling collapses. 03868_ Aluminum Leg destroyed. 03868_ Aerolev Unit destroyed. 03876_ Imp. Ion Engine destroyed. 03883_ Imp. Grenade Launcher destroyed. 03886_ Aluminum Leg destroyed. 03887_ System corrupted: Aerolev Unit fused. 03888_ Acquired Smartbomb Launcher. Guided weapons can set waypoints, but cannot fire with other weapons in the same volley. 03893_ Acquired Imp. Focal Shield. 03895_ Y-45 Defender misfires. 03911_ Critical hit (Burn: +37). 03911_ Smartbomb Launcher destroyed. 03912_ Slammed into Y-45 Defender. 03913_ Destabilizing: System corrupted (+1). 03914_ Slammed into Y-45 Defender. Map ----- +----------------------------------------------------+ | ???????????????????????????????? | | ???????????????????????????????? | | ???????????????????????????????? | | ???????????????????????????????? | | ???????????????????????????????? | | ???????????????????????????????? | | ???????????????????????????????? | | ???????????????????????????????? | | ???????????????????????????????? | | ???????????????????????????????? | | ???????????????????????????????? | | #??????????????????????????????? | | #??????????????????????????????? | | #####??????????????????????????? | | " #??????????????????????????? | | ### #??????????????????????????? | | #?# #??????????????????????????? | | #?# #??????????????????????????? | | #?# #??????????????????????????? | | ### ###?#######???############?? | | ## # ## % #???# """#?? | | ## ## ## ! ###### !![]!]"""#?? | | BB% ""#?? | | % BB ####Y ="#?? | | ## ## ######## ; "#?? | | ## ## # #??????# # @ |"#?? | | ### ##??????# #### "#?? | | #?#######???????# ! ""#?? | | #???????????????###"]^!=!["""#?? | | #?????????????????#""""""""""#?? | | #?????????????????############?? | | #??????????????????????????????? | | #??????????????????????????????? | | #??????????????????????????????? | | #??????????????????????????????? | | #??????????????????????????????? | | #??????????????????????????????? | | #??????????????????????????????? | | #??????????????????????????????? | | #??????????????????????????????? | | #??????????????????????????????? | | #??????????????????????????????? | | #??????????????????????????????? | | ###????????????????????????????? | | #????????????????????????????? | | #????????????????????????????? | | #????????????????????????????? | | ###????????????????????????????? | | ???????????????????????????????? | | ???????????????????????????????? | +----------------------------------------------------+ Best States ------------- Heat Dissipation 31 Energy Generation 14 Energy Capacity 275 Matter Stores 300 Matter Capacity 300 Sight Range 16 Robot Scan Range 14 Terrain Scan Range 16 Terrain Scan Density 10 Armor Coverage 225 Resistance: KI 25 Evasion (%) 56 Item Schematics ----------------- None Robot Schematics ------------------ None Fabricated ------------ Nothing Alien Tech Used ----------------- None Achievements -------------- None Challenges ------------ None Game ------ Seed TerrabombCobblerFrame Manual? 0 Play Time 00:52:34 Cumulative 18.0 hours Start 2024.03.22 @ 00:40:25 End 2024.03.22 @ 01:41:57 Sessions 1 Manual Loads 0 Difficulty Rogue Special Mode None Game No. 28 Rogue 28 Adventurer 0 Explorer 0 Win Type - Total 0 Types 0/0/0/0/0/0/0/0/0 Lore% 22 Gallery% 23 Achievement% 22 Wizard Run 0 Options --------- Layout 1 ASCII 0 Keyboard 1 Movement Numpad Keybinds 0 Fullscreen 1 Font 16/SmallcapsGlow Map View 55x38 Zoom Use 0% Tactical HUD 1 Map Filters NONE Filters NONE Steam 1 RUN: ffb74d31-fc84-4d0b-b2ce-f939880f360e